 Dungeon Crawl Stone Soup version 0.21.1-1-g345015f (webtiles) character file.

987 thiefofnight the Cutter (level 8, -7/52 HPs)
             Began as a Halfling Assassin on May 1, 2018.
             Shot with an arrow by a centaur (11 damage)
             ... on level 5 of the Dungeon.
             The game lasted 00:24:16 (4702 turns).

thiefofnight the Cutter (Halfling Assassin)         Turns: 4702, Time: 00:24:16

Health: -7/52      AC:  7    Str: 12    XL:     8   Next: 41%
Magic:  8/8        EV: 22    Int:  9    God:
Gold:   323        SH:  0    Dex: 18    Spells: 7/7 levels left

rFire    . . .     SeeInvis .   a - +2 dagger
rCold    . . .     Gourm    .   (shield restricted)
rNeg     . . .     Faith    .   c - +0 robe
rPois    .         Spirit   .   (no helmet)
rElec    .         Reflect  .   d - +0 cloak
rCorr    .         Harm     .   (no gloves)
MR       .....                  (no boots)
Stlth    ++++......             k - amulet of regeneration
HPRegen  0.57/turn              r - +4 ring of evasion
MPRegen  0.11/turn              j - +4 ring of protection

@: lethally poisoned (-7 -> -7)
A: small, mutation resistance 1
a: no special abilities


You were on level 5 of the Dungeon.
You were hungry.

You visited 1 branch of the dungeon, and saw 5 of its levels.

You collected 323 gold pieces.

Inventory:

Hand Weapons
 a - a +2 dagger (weapon)
 b - a +0 blowgun
 x - a +2 falchion of flaming
 C - a +0 rapier
Missiles
 e - 7 poisoned needles
 f - 2 curare-tipped needles
 v - 3 tomahawks (quivered)
Armour
 c - a +0 robe (worn)
 d - a +0 cloak (worn)
 i - a +0 cloak
Jewellery
 j - a +4 ring of protection (right hand)
 k - an amulet of regeneration (around neck)
 r - a +4 ring of evasion (left hand)
Wands
 w - a wand of flame (18)
 B - a wand of clouds (2)
Scrolls
 l - 3 scrolls of remove curse
 p - a scroll of enchant armour {unknown}
 t - a scroll of magic mapping {unknown}
 y - a scroll of fear {unknown}
 z - a scroll of identify
 A - a scroll of amnesia {unknown}
Potions
 m - a potion of magic
 o - 2 potions of agility {unknown}
 q - a potion of degeneration {unknown}
 s - a potion of ambrosia {unknown}
 u - 2 potions of heal wounds {unknown}
Comestibles
 g - 7 rations
 h - 6 chunks of flesh


   Skills:
 + Level 3.3 Fighting
 + Level 7.2 Short Blades
 + Level 2.2 Throwing
 + Level 5.0 Dodging
 + Level 6.7 Stealth
 + Level 0.3 Evocations


You had 7 spell levels left.
You didn't know any spells.

Dungeon Overview and Level Annotations

Branches:
Dungeon (5/15)
 Temple: D:4-7

Altars:
Cheibriados
Hepliaklqana
Nemelex Xobeh
Qazlal
Sif Muna

Annotations:
D:2 Purgy


Innate Abilities, Weirdness & Mutations

You are small and have problems with some larger weapons.
You are somewhat resistant to further mutation.


Message History

Something unseen opens the door.
You feel sick.
A centaur comes into view.
The centaur wields a shortbow.
The centaur shoots an arrow.
The arrow completely misses you.
The centaur shoots an arrow.
The arrow misses you.
The arrow hits the worker ant.
You feel sick.
The centaur shoots an arrow.
The arrow completely misses you.
The arrow hits the worker ant!
The worker ant dies!
The centaur shoots an arrow.
The arrow hits you!
* * * LOW HITPOINT WARNING * * *
You see here an arrow.
You feel sick.
The centaur shoots an arrow.
The arrow hits you.
* * * LOW HITPOINT WARNING * * *
You see here an arrow.
The centaur shoots an arrow.
The arrow closely misses you.
You feel sick.
The centaur shoots an arrow.
The arrow barely misses you.
The centaur shoots an arrow.
The arrow misses you.
The centaur shoots an arrow.
The arrow hits you!
You die...

####### #####.....# #####
#....<....# #...#
#.........######## #...#
#.........#....... .. #...#
#........[#.######
...##...####(......###.# #
...#....c.(........###.######
...'..)..o..@>(..............
..#...o#......#######.######
#.^.(#...)..# ##.<......
#..o.#......# #.......##
#..o.#......# #.........
#..(.#......#####.......##
#..(.#(..................#
#...(###########.........#
#.#### #..........


You could see a centaur, an orc priest and an orc.

Vanquished Creatures
  Menkaure (D:5)
  2 ogres
  A centaur (D:5)
  2 hounds (D:4)
  A centaur skeleton (D:4)
  A bullfrog skeleton (D:4)
  An iguana (D:4)
  5 worker ants
  Ijyb (D:3)
  7 gnolls
  9 adders
  3 river rats (D:4)
  2 shadow imps
  An ooze (D:2)
  3 adder skeletons (D:4)
  4 worms (D:4)
  The ghost of Iko the Skirmisher, a weakling CeCK of Xom (D:4)
  4 dart slugs
  5 leopard geckos
  11 orcs
  4 giant cockroaches
  4 goblins
  7 hobgoblins
  5 kobolds
  A quokka (D:3)
  10 bats
  2 frilled lizards
  17 rats
115 creatures vanquished.

Vanquished Creatures (others)
  A worker ant (D:5)
  A plant (D:4)
2 creatures vanquished.

Grand Total: 117 creatures vanquished

Notes
Turn   | Place    | Note
-------+----------+-------------------------------------------
     0 | D:1      | thiefofnight the Halfling Assassin began the quest for the Orb.
     0 | D:1      | Reached XP level 1. HP: 14/14 MP: 1/1
   168 | D:1      | Reached XP level 2. HP: 19/19 MP: 2/2
   455 | D:1      | Reached skill level 5 in Stealth
   663 | D:2      | Reached XP level 3. HP: 24/24 MP: 3/3
   759 | D:2      | Found a stormy altar of Qazlal.
   970 | D:2      | Reached skill level 3 in Short Blades
   970 | D:2      | Reached XP level 4. HP: 27/29 MP: 4/4
  1008 | D:2      | Found a hazy altar of Hepliaklqana.
  1530 | D:3      | Noticed Purgy
  1622 | D:3      | Noticed an ogre
  1636 | D:3      | Killed an ogre
  1636 | D:3      | Reached skill level 4 in Short Blades
  1636 | D:3      | Reached XP level 5. HP: 27/34 MP: 5/5
  1977 | D:3      | Reached XP level 6. HP: 39/39 MP: 6/6
  2264 | D:3      | Noticed Ijyb
  2285 | D:3      | Killed Ijyb
  2529 | D:5      | Entered Level 5 of the Dungeon
  2763 | D:4      | Reached skill level 5 in Short Blades
  2950 | D:4      | Reached XP level 7. HP: 27/45 MP: 7/7
  3163 | D:4      | Noticed Iko's ghost (weakling CeCK)
  3179 | D:4      | Killed Iko's ghost
  3565 | D:4      | Reached skill level 6 in Short Blades
  4050 | D:4      | Reached XP level 8. HP: 45/51 MP: 8/8
  4208 | D:4      | Found a deep blue altar of Sif Muna.
  4388 | D:4      | Found a snail-covered altar of Cheibriados.
  4389 | D:4      | Found a sparkling altar of Nemelex Xobeh.
  4646 | D:5      | Noticed Menkaure
  4652 | D:5      | Killed Menkaure
  4652 | D:5      | Reached skill level 7 in Short Blades
  4652 | D:5      | Reached skill level 5 in Dodging
  4702 | D:5      | Shot with an arrow by a centaur

Skill      XL: |  1  2  3  4  5  6  7  8 |
---------------+-------------------------+-----
Stealth        | 5 6 |  6.7
Short Blades   | 3 4 5 6 7 |  7.2
Fighting       | 2 3 |  3.3
Dodging        | 2 3 4 5 |  5.0
Throwing       | |  2.2
Evocations     | |  0.3

Action                   |  1- 3 |  4- 6 |  7- 9 || total
-------------------------+-------+-------+-------++-------
Melee: Dagger            |    83 |   289 |   360 ||   732
 Fire: Blowgun           |       |     2 |       ||     2
Evoke: Wand              |       |       |     5 ||     5
  Use: Scroll            |     4 |     2 |     1 ||     7
       Potion            |       |     1 |     6 ||     7
 Stab: Sleeping          |     9 |     8 |     3 ||    20
  Eat: Chunk             |       |     3 |     6 ||     9
       Ration            |       |     1 |       ||     1
Armor: Robe              |    13 |    25 |    11 ||    49
Dodge: Dodged            |    69 |   278 |   238 ||   585
